 Dungeon Crawl Stone Soup version 0.30-a0-279-g4b46babb21 (webtiles) character file.

Game seed: 3467159225710375787

46 plokij the Shield-Bearer (level 3, -2/33 HPs)
             Began as a Minotaur Fighter on Oct 16, 2022.
             Succumbed to Robin's poison
             ... on level 2 of the Dungeon.
             The game lasted 00:06:19 (1718 turns).

plokij the Shield-Bearer (Minotaur Fighter)         Turns: 1718, Time: 00:06:20

Health: -2/33      AC:  7    Str: 22    XL:     3   Next: 46%
Magic:  2/2        EV:  9    Int:  5    God:
Gold:   29         SH:  4    Dex:  9    Spells: 2/2 levels left

rFire   . . .      SeeInvis .    a - +0 war axe
rCold   . . .      Faith    .    c - +0 buckler
rNeg    . . .      Spirit   .    b - +0 scale mail
rPois   .          Reflect  .    (helmet restricted)
rElec   .          Harm     .    (no cloak)
rCorr   .          Rampage  .    (no gloves)
Will    .....                    (no boots)
Stlth   ..........               (no amulet)
HPRegen 0.25/turn                (no ring)
MPRegen 0.08/turn                (no ring)

@: lethally poisoned (-2 -> -29)
A: horns 2, retaliatory headbutt
a: no special abilities


You were on level 2 of the Dungeon.
You visited 1 branch of the dungeon, and saw 2 of its levels.

You collected 29 gold pieces.

Inventory:

Hand Weapons
 a - a +0 war axe (weapon)
Missiles
 h - 2 poisoned darts (quivered)
Armour
 b - a +0 scale mail (worn)
 c - a +0 buckler (worn)
Scrolls
 e - 2 scrolls of immolation {unknown}
 g - 2 scrolls of teleportation {unknown}
Potions
 d - 3 potions of might
 f - a potion of flight {unknown}


   Skills:
 + Level 4.0 Fighting
 * Level 3.4 Axes
 + Level 4.0 Armour
 + Level 4.2 Shields


You had 2 spell levels left.
You didn't know any spells.
Your spell library contained the following spells:

 Spells                   Type           Power      Damage    Failure   Level
 Blink                    Tloc           0%         N/A       95%         2
 Manifold Assault         Tloc           0%         N/A       100%        4
 Storm Form               Tmut/Air       0%         N/A       100%        7


Dungeon Overview and Level Annotations

Branches:
Dungeon (2/15)

Altars:

Annotations:
D:2 Robin


Innate Abilities, Weirdness & Mutations

You have a pair of horns on your head.
You reflexively headbutt those who attack you in melee.


Message History

Robin says, "Duck!"
The goblin shoots a sling bullet.
The sling bullet hits you.
The goblin shoots a sling bullet.
The sling bullet completely misses you.
The goblin shoots a sling bullet.
The sling bullet hits you but does no damage.
Items here: )))).
The goblin unwields a +0 sling.
The goblin wields a +0 dagger.
You block the goblin's attack.
You hit the goblin.
You kill the goblin!
Things that are here:
a +0 dagger; a +0 sling Robin hits you but does no damage.
You are poisoned.
Things that are here:
a +0 dagger; a +0 sling You hit Robin.
Your headbutt misses Robin.
Robin is lightly wounded.
You feel very sick. Robin barely misses you.
You hit Robin but do no damage.
Robin is lightly wounded.
You feel sick. Robin hits you but does no damage.
You are more poisoned.
Robin hits you with a +1 whip of venom.
You are lethally poisoned!
You hit Robin but do no damage.
Robin is lightly wounded.
You feel extremely sick. Robin hits you but does no damage.
You hit Robin.
Robin is moderately wounded.
* * * LOW HITPOINT WARNING * * *
You feel very sick. Robin hits you with a +1 whip of venom.
* * * LOW HITPOINT WARNING * * *
You are more poisoned.
You closely miss Robin.
Robin is moderately wounded.
You die...

............
...........
........(
.w....
###.#.#
#<)<..#
#w#>###
#g#...
#@####.# #.#
.#
#.........
#####.#.#.


You could see Robin and a dart slug.

Vanquished Creatures
  4 bats (D:1)
  7 endoplasms (D:1)
  2 giant cockroaches (D:1)
  11 goblins
  5 hobgoblins
  2 jackals (D:1)
  A kobold (D:1)
  2 quokkas (D:1)
  A ball python (D:1)
  A frilled lizard (D:1)
  A rat (D:1)
37 creatures vanquished.

Notes
Turn   | Place    | Note
-------+----------+-------------------------------------------
     0 | D:1      | plokij the Minotaur Fighter began the quest for the Orb.
     0 | D:1      | Reached XP level 1. HP: 19/19 MP: 0/0
   231 | D:1      | Reached XP level 2. HP: 22/27 MP: 1/1
   302 | D:1      | Found a faded altar of an unknown god.
   680 | D:1      | Reached XP level 3. HP: 29/33 MP: 2/2
  1310 | D:2      | Noticed Robin
  1718 | D:2      | Succumbed to Robin's poison

Illustrated notes

Levels and vault maps discovered:
D:1:      evilmike_arrival_crescent, layout_loops_corners, serial_rivers,
          chequers_serial_rivers_room_b, chequers_serial_rivers_large_a,
          chequers_serial_rivers_micro_c, chequers_serial_rivers_room_b,
          chequers_serial_rivers_micro_e, chequers_serial_rivers_small_b,
          dreamdust_ecumenical_altar_angels_and_demons, hangedman_decor_lopped,
          chequers_hall_statues_wall_a
D:2:      layout_loops_cross, st_stairs_8, dreamdust_princess_bridge,
          uniq_robin, uniq_terence

Skill      XL: |  1  2  3 |
---------------+----------+-----
Shields        | 4 |  4.2
Axes           | 3 |  3.4
Armour         | 4 |  4.0
Fighting       | 4 |  4.0

Action                   || total
-------------------------++-------
Melee: War axe           ||    74
       Headbutt          ||     6
Armor: Scale mail        ||    45
Dodge: Dodged            ||    44
Block: Buckler           ||    14

Table legend: (Time is in decaauts)
 A = Elapsed time spent in this place.
 B = Non-inter-level travel time spent in this place.
 C = Inter-level travel time spent in this place.
 D = Time resting spent in this place.
 E = Time spent auto-exploring this place.
 F = Levels seen in this place.
 G = Mean time per level.
                   A        B        C        D        E       F      G
               +--------+--------+--------+--------+--------+-----+--------+
         Total |   1762 |   1350 |    412 |    296 |    782 |   2 |  881.0 |
       Dungeon |   1762 |   1350 |    412 |    296 |    782 |   2 |  881.0 |
               +--------+--------+--------+--------+--------+-----+--------+

Top non-repeatable levels by time:
     D:1: 1723 daAuts
     D:2: 39 daAuts
